| TOP OF THE 1ST |
|
Salinas Fire Frogs batting - Pitching for Stockton Mariners : RHP Joe McClain
|
|
Pitching: RHP Joe McClain
|
|
|
Batting: RHB Bobby Morin
|
0-0: Called Strike 0-1: Ball 1-1: Ball 2-1: Ball 3-1: Base on Balls
|
|
Batting: RHB Carlos Urias
|
0-0: Grounds into double play, 6-4-3 (Groundball, 6, EV 107.5 MPH)
|
|
Batting: LHB Raymond Smith
|
0-0: Ground out 3-1 (Groundball, 13, EV 80.6 MPH)
|
| Top of the 1st over - 0 runs, 0 hits, 0 errors, 0 left on base; Salinas 0 - Stockton 0 |
| BOTTOM OF THE 1ST |
|
Stockton Mariners batting - Pitching for Salinas Fire Frogs : RHP Vinnie Yuhas
|
|
Pitching: RHP Vinnie Yuhas
|
|
|
Batting: LHB Ricky Nelson
|
0-0: Called Strike 0-1: Fly out, F8 (Line Drive, 8RM, EV 94.4 MPH)
|
|
Batting: LHB Harold Perkins
|
0-0: Called Strike 0-1: Called Strike 0-2: Strikes out looking
|
|
Batting: SHB Eddie Tanner
|
0-0: Called Strike 0-1: Foul Ball, location: 2F 0-2: Ball 1-2: Foul Ball, location: 2F 1-2: Ball 2-2: Ball 3-2: Base on Balls
|
|
Batting: LHB David Cawthon
|
0-0: Ball 1-0: Ball 2-0: Fielders Choice at 2nd, 6-4 (Groundball, 6D, EV 99.4 MPH)
|
| Bottom of the 1st over - 0 runs, 0 hits, 0 errors, 1 left on base; Salinas 0 - Stockton 0 |
| TOP OF THE 2ND |
|
Salinas Fire Frogs batting - Pitching for Stockton Mariners : RHP Joe McClain
|
|
Batting: RHB Bruce Morrison
|
0-0: Ball 1-0: Fly out, F7 (Flyball, 7, EV 83.8 MPH)
|
|
Batting: RHB Kevin Mitchell
|
0-0: Called Strike 0-1: SINGLE (Line Drive, 89M, EV 103.1 MPH)
|
|
Batting: LHB Daryl Pitts
|
0-0: SINGLE (Groundball, 6MS, EV 75.0 MPH) (infield hit) Kevin Mitchell to second
|
|
Batting: LHB Charles McGehee
|
0-0: Ball 1-0: Foul Ball, location: 2F 1-1: Called Strike 1-2: Ball 2-2: Foul Ball, location: 2F 2-2: Fielders Choice at 2nd, 4-6 (Groundball, 4, EV 90.0 MPH) Kevin Mitchell to third
|
|
Batting: RHB Ramon Jimenez
|
0-0: Ball 1-0: Swinging Strike 1-1: Ball 2-1: Ball 3-1: Foul Ball, location: 2F 3-2: Fly out, F8 (Flyball, 8LD, EV 98.8 MPH)
|
| Top of the 2nd over - 0 runs, 2 hits, 0 errors, 2 left on base; Salinas 0 - Stockton 0 |
| BOTTOM OF THE 2ND |
|
Stockton Mariners batting - Pitching for Salinas Fire Frogs : RHP Vinnie Yuhas
|
|
Batting: RHB Orlando Mercado
|
0-0: Called Strike 0-1: Ball 1-1: Ball 2-1: Ball 3-1: Called Strike 3-2: Strikes out swinging
|
|
Batting: LHB Joe Perna
|
0-0: Called Strike 0-1: Ball 1-1: Foul Ball, location: 2F 1-2: Strikes out looking
|
|
Batting: LHB Victor Gavidia
|
0-0: Ball 1-0: Foul Ball, location: 2F 1-1: Foul Ball, location: 2F 1-2: Ball 2-2: Ball 3-2: Foul Ball, location: 2F 3-2: Base on Balls
|
|
Batting: RHB Brian Greer
|
0-0: Ball Victor Gavidia is caught stealing 2nd base 2-4
|
| Bottom of the 2nd over - 0 runs, 0 hits, 0 errors, 0 left on base; Salinas 0 - Stockton 0 |
| TOP OF THE 3RD |
|
Salinas Fire Frogs batting - Pitching for Stockton Mariners : RHP Joe McClain
|
|
Batting: RHB Bruce Seid
|
0-0: Ground out 3-1 (Groundball, 34S, EV 84.4 MPH)
|
|
Batting: RHB Bobby Morin
|
0-0: Ball 1-0: Ball 2-0: Ball 3-0: Fly out, F3 (Line Drive, 3, EV 65.0 MPH)
|
|
Batting: RHB Carlos Urias
|
0-0: Called Strike 0-1: Swinging Strike 0-2: Strikes out swinging
|
| Top of the 3rd over - 0 runs, 0 hits, 0 errors, 0 left on base; Salinas 0 - Stockton 0 |
| BOTTOM OF THE 3RD |
|
Stockton Mariners batting - Pitching for Salinas Fire Frogs : RHP Vinnie Yuhas
|
|
Batting: RHB Brian Greer
|
0-0: Fly out, F7 (Flyball, 78S, EV 91.9 MPH)
|
|
Batting: RHB Paul Plinski
|
0-0: Ball 1-0: DOUBLE (Line Drive, 7LS, EV 100.6 MPH)
|
|
Batting: LHB Ricky Nelson
|
0-0: Swinging Strike 0-1: Foul Ball, location: 2F 0-2: Ground out U3 (Groundball, 34S, EV 91.9 MPH) Paul Plinski to third
|
|
Batting: LHB Harold Perkins
|
0-0: Ball 1-0: Ball 2-0: Called Strike 2-1: Ball 3-1: Base on Balls
|
|
Batting: SHB Eddie Tanner
|
0-0: Swinging Strike 0-1: Foul Ball, location: 2F 0-2: Ground out 4-3 (Groundball, 4S, EV 89.4 MPH)
|
| Bottom of the 3rd over - 0 runs, 1 hit, 0 errors, 2 left on base; Salinas 0 - Stockton 0 |
| TOP OF THE 4TH |
|
Salinas Fire Frogs batting - Pitching for Stockton Mariners : RHP Joe McClain
|
|
Batting: LHB Raymond Smith
|
0-0: Called Strike 0-1: Foul Ball, location: 2F 0-2: Ball 1-2: Fly out, F3 (Popup, 34, EV 63.1 MPH)
|
|
Batting: RHB Bruce Morrison
|
0-0: Called Strike 0-1: Swinging Strike 0-2: Ball 1-2: Fly out, F7 (Flyball, 7LS, EV 83.8 MPH)
|
|
Batting: RHB Kevin Mitchell
|
0-0: Ball 1-0: Foul Ball, location: 2F 1-1: Ball 2-1: Ball 3-1: Base on Balls
|
|
Batting: LHB Daryl Pitts
|
0-0: Fly out, F4 (Flyball, 4D, EV 70.0 MPH)
|
| Top of the 4th over - 0 runs, 0 hits, 0 errors, 1 left on base; Salinas 0 - Stockton 0 |
| BOTTOM OF THE 4TH |
|
Stockton Mariners batting - Pitching for Salinas Fire Frogs : RHP Vinnie Yuhas
|
|
Batting: LHB David Cawthon
|
0-0: Called Strike 0-1: Ground out U3 (Groundball, 34S, EV 87.5 MPH)
|
|
Batting: RHB Orlando Mercado
|
0-0: Ball 1-0: Called Strike 1-1: Ball 2-1: Called Strike 2-2: DOUBLE (Flyball, 8RXD, EV 88.1 MPH)
|
|
Batting: LHB Joe Perna
|
0-0: Ball 1-0: SINGLE (Groundball, 6D, EV 98.8 MPH) Orlando Mercado to third Runner from 3rd tries for Home, SAFE, throw by CF to home
|
|
Batting: LHB Victor Gavidia
|
0-0: Called Strike 0-1: Ball 1-1: Ball 2-1: Fielders Choice at 2nd, 5-4 (Groundball, 5, EV 85.0 MPH)
|
|
Batting: RHB Brian Greer
|
0-0: Called Strike Victor Gavidia is caught stealing 2nd base 2-4
|
| Bottom of the 4th over - 1 run, 2 hits, 0 errors, 0 left on base; Salinas 0 - Stockton 1 |
| TOP OF THE 5TH |
|
Salinas Fire Frogs batting - Pitching for Stockton Mariners : RHP Joe McClain
|
|
Batting: LHB Charles McGehee
|
0-0: Ball 1-0: Called Strike 1-1: Foul Ball, location: 2F 1-2: Ball 2-2: SINGLE (Groundball, 4MD, EV 105.6 MPH)
|
|
Batting: RHB Ramon Jimenez
|
0-0: Sac Bunt to 25 - play at first, batter OUT! 5-3 Charles McGehee to second
|
|
Batting: RHB Bruce Seid
|
0-0: Called Strike 0-1: Ground out 6-3 (Groundball, 6, EV 92.5 MPH) Charles McGehee to third
|
|
Batting: RHB Bobby Morin
|
0-0: Foul Ball, location: 2F 0-1: Called Strike 0-2: Ball 1-2: Foul Ball, location: 2F 1-2: Foul Ball, location: 2F 1-2: Ball 2-2: Strikes out swinging
|
| Top of the 5th over - 0 runs, 1 hit, 0 errors, 1 left on base; Salinas 0 - Stockton 1 |
| BOTTOM OF THE 5TH |
|
Stockton Mariners batting - Pitching for Salinas Fire Frogs : RHP Vinnie Yuhas
|
|
Batting: RHB Brian Greer
|
0-0: Fly out, F7 (Flyball, 7LM, EV 75.6 MPH)
|
|
Batting: RHB Paul Plinski
|
0-0: Called Strike 0-1: Ball 1-1: Ground out 5-3 (Groundball, 25, EV 85.6 MPH)
|
|
Batting: LHB Ricky Nelson
|
0-0: Ball 1-0: Foul Ball, location: 2F 1-1: Ball 2-1: SINGLE (Line Drive, 6D, EV 108.8 MPH)
|
|
Batting: LHB Harold Perkins
|
0-0: DOUBLE (Line Drive, 78D, EV 105.0 MPH) Ricky Nelson to third Runner from 3rd tries for Home, SAFE, no throw by LF
|
|
Batting: SHB Eddie Tanner
|
0-0: Called Strike 0-1: Ball 1-1: Ball 2-1: Foul Ball, location: 2F 2-2: Foul Ball, location: 2F 2-2: Ball 3-2: Base on Balls
|
|
Batting: LHB David Cawthon
|
0-0: Fly out, F8 (Flyball, 89S, EV 93.1 MPH)
|
| Bottom of the 5th over - 1 run, 2 hits, 0 errors, 2 left on base; Salinas 0 - Stockton 2 |
| TOP OF THE 6TH |
|
Salinas Fire Frogs batting - Pitching for Stockton Mariners : RHP Joe McClain
|
|
Batting: RHB Carlos Urias
|
0-0: Ground out 6-3 (Groundball, 6, EV 97.5 MPH)
|
|
Batting: LHB Raymond Smith
|
0-0: Ball 1-0: Foul Ball, location: 2F 1-1: Ground out 5-3 (Groundball, 56S, EV 75.0 MPH)
|
|
Batting: RHB Bruce Morrison
|
0-0: Fly out, F8 (Flyball, 8RXD, EV 105.0 MPH)
|
| Top of the 6th over - 0 runs, 0 hits, 0 errors, 0 left on base; Salinas 0 - Stockton 2 |
| BOTTOM OF THE 6TH |
|
Stockton Mariners batting - Pitching for Salinas Fire Frogs : RHP Vinnie Yuhas
|
|
Batting: RHB Orlando Mercado
|
0-0: Foul Ball, location: 2F 0-1: Ball 1-1: Ground out 4-3 (Groundball, 4, EV 85.6 MPH)
|
|
Batting: LHB Joe Perna
|
0-0: Ball 1-0: Swinging Strike 1-1: Ball 2-1: Ball 3-1: Base on Balls
|
|
Batting: LHB Victor Gavidia
|
0-0: Ball 1-0: Called Strike 1-1: Fly out, F4 (Popup, 4S, EV 70.0 MPH)
|
|
Batting: RHB Brian Greer
|
0-0: Called Strike 0-1: SINGLE (Flyball, 8RS, EV 88.8 MPH) Joe Perna to second Runner from 2nd tries for 3rd, SAFE, no throw by CF
|
|
Batting: RHB Paul Plinski
|
0-0: Ball 1-0: Ball 2-0: Called Strike 2-1: Ball 3-1: Ground out 1-3 (Groundball, P, EV 73.1 MPH)
|
| Bottom of the 6th over - 0 runs, 1 hit, 0 errors, 2 left on base; Salinas 0 - Stockton 2 |
| TOP OF THE 7TH |
|
Salinas Fire Frogs batting - Pitching for Stockton Mariners : RHP Joe McClain
|
|
Batting: RHB Kevin Mitchell
|
0-0: Foul Ball, location: 2F 0-1: Called Strike 0-2: Strikes out swinging
|
|
Batting: LHB Daryl Pitts
|
0-0: Ball 1-0: Ball 2-0: Called Strike 2-1: Foul Ball, location: 2F 2-2: Ball 3-2: Fly out, F6 (Popup, 15S, EV 92.5 MPH)
|
|
Batting: LHB Charles McGehee
|
0-0: Called Strike 0-1: DOUBLE (Flyball, 7LD, EV 103.1 MPH)
|
|
Batting: RHB Ramon Jimenez
|
0-0: Foul Ball, location: 2F 0-1: Called Strike 0-2: Strikes out swinging
|
| Top of the 7th over - 0 runs, 1 hit, 0 errors, 1 left on base; Salinas 0 - Stockton 2 |
| BOTTOM OF THE 7TH |
|
Stockton Mariners batting - Pitching for Salinas Fire Frogs : RHP Vinnie Yuhas
|
|
Batting: LHB Ricky Nelson
|
0-0: Called Strike 0-1: Foul Ball, location: 2F 0-2: Strikes out swinging
|
|
Batting: LHB Harold Perkins
|
0-0: Called Strike 0-1: Foul Ball, location: 2F 0-2: Ball 1-2: DOUBLE (Line Drive, 5D, EV 108.1 MPH)
|
|
Batting: SHB Eddie Tanner
|
0-0: Intentional Walk
|
|
Batting: LHB David Cawthon
|
0-0: Called Strike 0-1: Foul Ball, location: 2F 0-2: Strikes out swinging
|
|
Batting: RHB Orlando Mercado
|
0-0: Called Strike 0-1: Swinging Strike 0-2: Foul Ball, location: 2F 0-2: Foul Ball, location: 2F 0-2: Foul Ball, location: 2F 0-2: Ball 1-2: Foul Ball, location: 2F 1-2: Ball 2-2: SINGLE (Flyball, 78S, EV 88.1 MPH) Harold Perkins to third Eddie Tanner to second Runner from 3rd tries for Home, SAFE, throw by CF to home
|
|
Batting: LHB Joe Perna
|
0-0: Ball 1-0: Foul Ball, location: 2F 1-1: Foul Ball, location: 2F 1-2: Foul Ball, location: 2F 1-2: SINGLE (Groundball, 34D, EV 96.3 MPH) Eddie Tanner to third Orlando Mercado to second Runner from 3rd tries for Home, SAFE, throw by RF to home
|
|
Batting: LHB Victor Gavidia
|
0-0: Fly out, F8 (Flyball, 8LD, EV 85.0 MPH)
|
| Bottom of the 7th over - 2 runs, 3 hits, 0 errors, 2 left on base; Salinas 0 - Stockton 4 |
| TOP OF THE 8TH |
|
Salinas Fire Frogs batting - Pitching for Stockton Mariners : RHP Joe McClain
|
|
Batting: RHB Bruce Seid
|
0-0: Foul Ball, location: 2F 0-1: Swinging Strike 0-2: Ball 1-2: Strikes out swinging, 2-3 out at first.
|
|
Batting: RHB Bobby Morin
|
0-0: Ball 1-0: Called Strike 1-1: Called Strike 1-2: Foul Ball, location: 2F 1-2: Fly out, F9 (Flyball, 9D, EV 91.9 MPH)
|
|
Batting: RHB Carlos Urias
|
0-0: Ball 1-0: Ball 2-0: SINGLE (Flyball, 5D, EV 92.5 MPH)
|
|
Batting: LHB Raymond Smith
|
0-0: Ball 1-0: Swinging Strike 1-1: Foul Ball, location: 2F 1-2: Fly out, F4 (Line Drive, 4, EV 69.4 MPH)
|
| Top of the 8th over - 0 runs, 1 hit, 0 errors, 1 left on base; Salinas 0 - Stockton 4 |
| BOTTOM OF THE 8TH |
|
Stockton Mariners batting - Pitching for Salinas Fire Frogs : RHP Vinnie Yuhas
|
|
Batting: RHB Brian Greer
|
0-0: Ball 1-0: Foul Ball, location: 2F 1-1: Ground out 4-3 (Groundball, 4M, EV 83.8 MPH)
|
|
Batting: RHB Paul Plinski
|
0-0: Called Strike 0-1: Ball 1-1: Foul Ball, location: 2F 1-2: Ball 2-2: Ball 3-2: Base on Balls
|
|
Batting: LHB Ricky Nelson
|
0-0: SINGLE (Groundball, 34D, EV 98.8 MPH) Paul Plinski to second Runner from 2nd tries for 3rd, SAFE, no throw by RF
|
|
Batting: LHB Harold Perkins
|
0-0: Fly out, F7 (Flyball, 78M, EV 91.3 MPH)
|
|
Batting: SHB Eddie Tanner
|
0-0: Called Strike Ricky Nelson steals 2nd base (no throw) 0-1: Swinging Strike 0-2: Ground out 4-3 (Groundball, 4MD, EV 80.0 MPH)
|
| Bottom of the 8th over - 0 runs, 1 hit, 0 errors, 2 left on base; Salinas 0 - Stockton 4 |
| TOP OF THE 9TH |
|
Salinas Fire Frogs batting - Pitching for Stockton Mariners : RHP Joe McClain
|
|
Batting: RHB Bruce Morrison
|
0-0: Swinging Strike 0-1: Ball 1-1: Swinging Strike 1-2: Fly out, F3 (Popup, 3SF, EV 76.3 MPH)
|
|
Batting: RHB Kevin Mitchell
|
0-0: Foul Ball, location: 2F 0-1: Called Strike 0-2: Fly out, F7 (Flyball, 7S, EV 73.8 MPH)
|
|
Batting: LHB Daryl Pitts
|
0-0: Foul Ball, location: 2F 0-1: Foul Ball, location: 2F 0-2: Ball 1-2: Ground out 4-3 (Groundball, 4, EV 103.1 MPH)
|
| Top of the 9th over - 0 runs, 0 hits, 0 errors, 0 left on base; Salinas 0 - Stockton 4 |
|